[Event "26th Hit Open-A 2022"]
[Site "Nova Gorica"]
[Date "2022.09.21"]
[Round "8.23"]
[White "Zamar Kodelja, Jurij"]
[Black "Verbin, Valentina"]
[Result "1-0"]
[ECO "E26"]
[WhiteElo "2241"]
[BlackElo "2049"]
[Annotator "TA"]
[PlyCount "63"]
[EventDate "2022.09.16"]
[EventType "swiss"]
[EventCountry "SLO"]
[SourceTitle "playchess.com"]
[Source "ChessBase"]
[SourceQuality "1"]
[TimeControl "5400+30"]

1. d4 Nf6 2. c4 e6 3. Nc3 Bb4 4. a3 Bxc3+ 5. bxc3 c5 6. e3 b6 7. Bd3 Nc6 8. Ne2 {[%emt 0:00:21] E26: Nimzo-Indian: Sämisch: 5...c5 6 e3.} Ba6 (8... d6 $11) 9. e4 $1 $14 Na5 10. e5 {[%emt 0:03:48] White is slightly better.} Ng8 {[%emt 0:00:18] [#]} 11. dxc5 $146 (11. Ng3 $14) ({Predecessor:} 11. Ng3 f5 12. Qe2 cxd4 13. cxd4 Nb3 14. Bxf5 g6 15. Be4 Nxa1 16. Bxa8 Qxa8 17. Ne4 {0-1 (42) Broersma,S (1710)-Honkoop,G (2157) Almelo 2021}) 11... bxc5 (11... Ne7 $11) 12. Qa4 (12. Ng3 $16) 12... Qc7 13. Be3 ({Better is} 13. O-O $14) 13... Bb7 $11 14. f4 (14. O-O $1 $14) 14... Ne7 ({But not} 14... Bc6 15. Qc2 $14) (14... Bxg2 $5 15. Rg1 $8 Bc6 $11) 15. O-O $36 {[%emt 0:02:37][%mdl 2048] Black is under pressure.} O-O 16. Ng3 {[%emt 0:04:20] Prevents Nf5.} Rac8 17. Rae1 Kh8 (17... d5 $14) 18. f5 $1 $16 {[%emt 0:01:00] White is more active.} exf5 19. Nxf5 Nxf5 20. Rxf5 g6 $2 {[%emt 0:01:46][%mdl 8192] [#] Black cannot hold the game after this.} (20... d6 $16) 21. Rf2 (21. Bg5 $142 $1) 21... Kg8 {[%emt 0:06:04] [#]} (21... Bc6 $2 22. Qd1 Kg8 23. Bg5 $18 (23. Bxc5 Bf3 $11)) (21... Rce8 {was called for.}) 22. Bf4 $1 $18 Bc6 (22... Qd8 {is a better defense.} 23. Qc2 f5) 23. Qc2 {[%emt 0:00:36][%cal Oe5e6] aiming for e6!} Qb6 (23... Qd8 {was necessary.} 24. Bh6 f5 25. exf6 (25. Bxf8 Qxf8 26. e6 Re8 $18) 25... Rxf6) 24. Bh6 Rfe8 (24... Qd8 $142 25. Bxf8 Qxf8) 25. Ref1 Re7 26. Qd2 {[%emt 0:04:49] Hoping for Qg5.} Bb7 27. Bg5 {[%emt 0:00:38] A strong pair of Bishops.} Rxe5 28. Rxf7 {[%emt 0:00:13][%cal Bf2f7,Bf7g7,Bg7h7][%mdl 32] Intending Bh6 and mate.} Ree8 29. Bh6 {[%emt 0:00:50] White mates.} Qd6 30. Rg7+ Kh8 31. Rff7 Nxc4 32. Rxh7+ {[%emt 0:00:08] Weighted Error Value: White=0.24 (precise) /Black=0.86} 1-0

[Event "26th Hit Open-A 2022"]
[Site "Nova Gorica"]
[Date "2022.09.21"]
[Round "8.24"]
[White "Zubova, Mariya"]
[Black "Mihelic, Vesna"]
[Result "1/2-1/2"]
[ECO "C60"]
[WhiteElo "2214"]
[BlackElo "2031"]
[Annotator "TA"]
[PlyCount "75"]
[EventDate "2022.09.16"]
[EventType "swiss"]
[EventCountry "SLO"]
[SourceTitle "playchess.com"]
[Source "ChessBase"]
[SourceQuality "1"]
[TimeControl "5400+30"]

1. e4 e5 2. Nf3 Nc6 3. Bb5 g6 4. d4 exd4 5. Bg5 Be7 6. Bxe7 Qxe7 7. Bxc6 dxc6 8. Qxd4 Nf6 9. Nc3 Bg4 {[%emt 0:00:38] C60: Ruy Lopez: Unusual Black 3rd moves and 3...g6.} 10. Nd2 O-O 11. h3 Rfd8 {[%emt 0:02:48] White has an edge.} 12. Qe3 {[%emt 0:00:15] [#]} Bd7 $146 ({Predecessor:} 12... Be6 13. O-O c5 14. Nf3 b6 15. Rfe1 Re8 16. Qh6 Qf8 17. Qh4 Qg7 18. Rad1 h6 {1-0 (35) Hansen,E (2606)-Mikhalevski,V (2552) Chess.com INT 2021}) 13. O-O Re8 14. Rae1 b6 15. a3 Bc8 16. f4 Bb7 17. Nd1 (17. e5 $14) 17... c5 18. e5 Qd7 (18... Rad8 $11) 19. Qf2 (19. f5 {looks sharper.} Rad8 20. Nf3 Qxf5 21. Ng5) 19... Nh5 20. c4 (20. Ne3 $11) 20... Rad8 $17 21. Ne4 Bxe4 22. Rxe4 Qd3 23. Re3 Qxc4 24. f5 {[%emt 0:00:36][%cal Oe5e6] [#]} Qf4 $1 25. Nc3 Qxf2+ 26. Rxf2 Ng7 {[%emt 0:03:36] Against e6} 27. g4 Kf8 28. e6 $1 gxf5 29. gxf5 fxe6 30. fxe6+ Kg8 31. e7 $36 {[%emt 0:04:45][%mdl 2048] White has the initiative.} Rd7 32. Ne4 $1 {[%emt 0:00:09] [#] White threatens Nf6+ and mate.} ({But not} 32. Rfe2 Nf5 33. Re5 Nh4 $17) 32... Nh5 (32... Rdxe7 $2 33. Nf6+ Kf7 34. Nd5+ Kg8 35. Rxe7 $18) (32... Rd1+ $2 33. Kh2 Nh5 34. Rf5 Rxe7 35. Rxh5 $18) 33. Ng3 Ng7 34. Ne4 {[%emt 0:00:54] Nf6+ would kill now.} Nh5 (34... Rdxe7 $2 35. Nf6+ Kf7 36. Nd5+ Kg8 37. Rxe7 $18) (34... Rd1+ $2 35. Kh2 Nh5 36. Rf5 Rxe7 37. Rxh5 $18) 35. Rg2+ Kh8 36. Ng5 Ng7 $2 (36... Kg8 $11) 37. Rf2 $2 ({Only move:} 37. Nf7+ $18 Kg8 38. Nh6+ Kh8 39. Rf2) 37... Kg8 $1 $11 38. Rf8+ {[%emt 0:04:05] Weighted Error Value: White=0.27 (precise) /Black=0.10 (very precise)} ({Avoid the trap} 38. Rf7 $2 h6 39. Rf8+ Rxf8 40. exf8=Q+ Kxf8 $19) (38. Ne4 $1 $11 {remains equal.} Nh5) 1/2-1/2

[Event "26th Hit Open-A 2022"]
[Site "Nova Gorica"]
[Date "2022.09.21"]
[Round "8.25"]
[White "Bauer, Thomas"]
[Black "Charaus, Florian"]
[Result "1-0"]
[ECO "B11"]
[WhiteElo "2200"]
[BlackElo "1993"]
[Annotator "TA"]
[PlyCount "77"]
[EventDate "2022.09.16"]
[EventType "swiss"]
[EventCountry "SLO"]
[SourceTitle "playchess.com"]
[Source "ChessBase"]
[SourceQuality "1"]
[TimeControl "5400+30"]

1. e4 c6 2. Nf3 d5 3. Nc3 dxe4 4. Nxe4 Nf6 5. Nxf6+ exf6 6. Bc4 Bd6 7. Qe2+ Qe7 8. Qxe7+ {[%emt 0:00:39] B11: Caro-Kann: Two Knights Variation.} Bxe7 9. O-O O-O 10. h3 {[%emt 0:04:34] [#] The position is equal.} Nd7 $146 ({Predecessor:} 10... Bd6 11. d4 Bf5 12. c3 Nd7 13. Re1 Rfe8 14. Bd2 b5 15. Bb3 Be4 16. Nh2 Nb6 {0-1 (74) Urazayev,A (2451)-Rozman,L (2362) Chess.com INT 2021}) 11. d4 Bd6 12. Re1 Nb6 13. Be2 Re8 14. c4 {[%emt 0:02:20] [#] And now c5 would win.} Bb4 15. Bd2 Bxd2 16. Nxd2 Bf5 17. Nb3 Na4 18. Na5 Rad8 (18... b6 $14 19. Nxc6 Nxb2) 19. b3 (19. Bf3 $16) 19... Nc3 $14 20. Bf3 Kf8 (20... Bc8 $14) 21. Nxb7 $16 Rxe1+ 22. Rxe1 Rxd4 23. Bxc6 g5 (23... Be6 $16 24. a3 g6) 24. a4 Bc2 (24... h5 $16 25. Re8+ Kg7) 25. Nc5 {[%emt 0:00:35] Black must now prevent Re8+.} Rd2 (25... Rd1 $16 {might work better.} 26. Kf1 Rd6) 26. a5 {[%emt 0:04:06] aiming for Re8+.} Ne2+ 27. Kf1 (27. Kh2 $18 {is more deadly.}) 27... Nd4 28. Ba4 h5 29. a6 f5 30. b4 Bxa4 31. Nxa4 {[%emt 0:00:01][%mdl 4096] Endgame Hoping for b5. KRN-KRN} Ra2 32. Nc5 {[%emt 0:00:54] b5 is the strong threat.} Rc2 33. Nd7+ Kg7 34. Ne5 ({Resist} 34. c5 $6 Rb2 $14) 34... f6 {[%emt 0:03:06] [#]} 35. Nf3 (35. Nd3 $1 $16) 35... Rxc4 $2 {[%emt 0:04:50] A mistake that costs the game.} ({Black should play} 35... Nxf3 $14 36. gxf3 Kf7) 36. Nxd4 $18 ({Don't do} 36. Re7+ Kf8 37. Rxa7 Rc1+ 38. Ne1 Ra1 $16) 36... Rxd4 37. Re7+ Kg8 $2 (37... Kg6 38. Rxa7 Rxb4) 38. Rb7 Rd2 39. Rxa7 {[%emt 0:00:52] Weighted Error Value: White=0.23 (precise) /Black=0.30} 1-0

[Event "26th Hit Open-A 2022"]
[Site "Nova Gorica"]
[Date "2022.09.21"]
[Round "8.26"]
[White "Lohia, Sohum"]
[Black "Hercog, Nusa"]
[Result "1/2-1/2"]
[ECO "B12"]
[WhiteElo "2185"]
[BlackElo "2019"]
[Annotator "TA"]
[PlyCount "101"]
[EventDate "2022.09.16"]
[EventType "swiss"]
[EventCountry "SLO"]
[SourceTitle "playchess.com"]
[Source "ChessBase"]
[SourceQuality "1"]
[TimeControl "5400+30"]

1. e4 c6 2. d4 d5 3. e5 Bf5 4. h4 h5 5. Bd3 Bxd3 6. Qxd3 {[%emt 0:00:08][%cal Oe5e6] B12: Caro-Kann: Advance Variation.} Qa5+ 7. Nd2 e6 8. Ngf3 Nh6 9. O-O Nf5 10. a4 Qa6 11. c4 Bb4 12. b3 c5 13. Qb1 Nxd4 14. Nxd4 cxd4 15. cxd5 exd5 16. Nf3 {[%emt 0:00:33] [#]} O-O $146 ({Predecessor:} 16... Qg6 17. Qxg6 fxg6 18. Bb2 Nc6 19. Nxd4 Nxd4 20. Bxd4 Ke7 21. Rfd1 Rhc8 22. Rd3 Rc6 {½-½ (45) Praggnanandhaa,R (2612)-Keymer,V (2664) chess24.com INT 2022}) 17. Nxd4 Nc6 18. Nf3 Ne7 19. Rd1 Rfd8 20. Bg5 ({Much worse is} 20. Ng5 Qg6 $11) 20... Qe6 21. Qd3 Rd7 22. Bxe7 Bxe7 23. Rac1 g6 24. Qd4 a5 25. Qf4 Kg7 26. Nd4 Qb6 (26... Qg4 $14 27. Qxg4 hxg4) 27. e6 (27. g4 $18) 27... fxe6 $16 28. Re1 Rd6 29. Qe5+ Bf6 $1 30. Nxe6+ Kf7 31. Ng5+ Kg7 {[%emt 0:06:43] [#]} (31... Kg8 $14 32. Qg3 Bxg5 33. Qxg5 (33. hxg5 Rd7 $14) 33... Rf8) 32. Qg3 $1 {[%emt 0:01:49][%cal Oc1c7] White is more active.} Bxg5 33. hxg5 (33. Qxg5 $16 {White wants to mate with Re7+.} Rf6 34. Re7+ Kf8 35. Re3) 33... Rd7 $14 {[%emt 0:01:27] Prevents Re7+.} 34. Qc3+ Kh7 35. Rc2 Rf8 36. Qg3 ({White should play} 36. g3 $14) 36... d4 $11 37. Qd3 Qd6 38. Rce2 Qf4 39. Re7+ Rf7 40. Rxf7+ Rxf7 {[%emt 0:00:09][%mdl 4096] Endgame KQR-KQR} 41. f3 Qxg5 42. Qxd4 Rc7 (42... Rxf3 $11 43. Qd7+ Kh6) 43. Re8 $1 $14 {[%emt 0:01:36][%csl Gd4][%cal Re8h8] [#]} Rg7 44. Qc3 {[%emt 0:01:03] Strongly threatening Qc8.} Qf5 (44... Qf4 $11) 45. Re5 $16 Qf4 46. Qxa5 (46. Rxa5 $16 {With the idea Re5.} Rc7 47. Rc5 Rxc5 48. Qxc5) 46... Qd4+ $11 {[%emt 0:00:31] The position is equal.} 47. Kh2 Qh4+ 48. Kg1 {[%emt 0:00:01] Black must now prevent Qd2.} Qd4+ 49. Kh2 {[%emt 0:00:45] Re4 is the strong threat.} Qh4+ 50. Kg1 {[%emt 0:00:02] aiming for Qd2.} Qd4+ 51. Kh2 {[%emt 0:01:40] Weighted Error Value: White=0.18 (very precise) /Black=0.15 (very precise)} 1/2-1/2

[Event "26th Hit Open-A 2022"]
[Site "Nova Gorica"]
[Date "2022.09.21"]
[Round "8.27"]
[White "Rozman, Monika"]
[Black "Cirkvencic, Franci"]
[Result "1-0"]
[ECO "B20"]
[WhiteElo "2111"]
[BlackElo "1987"]
[Annotator "TA"]
[PlyCount "117"]
[EventDate "2022.09.16"]
[EventType "swiss"]
[EventCountry "SLO"]
[SourceTitle "playchess.com"]
[Source "ChessBase"]
[SourceQuality "1"]
[TimeControl "5400+30"]

1. e4 c5 2. d3 Nc6 3. g3 g6 4. Bg2 Bg7 5. f4 d6 6. Nf3 e6 7. O-O Nge7 8. c3 O-O 9. Na3 b6 {[%emt 0:01:42] B20: Sicilian: Unusual White 2nd moves.} 10. Nc2 Ba6 11. Re1 Qd7 {[%emt 0:07:30] The position is equal.} 12. d4 cxd4 {[%emt 0:00:28] [#]} 13. Nfxd4 $146 (13. Ncxd4 {keeps more tension.} Nxd4 14. Nxd4 e5 15. fxe5 dxe5 16. Nf5) ({Predecessor:} 13. cxd4 Na5 14. b3 Rac8 15. Ba3 Rfe8 16. Ne3 Bb7 17. e5 Bxf3 18. Bxf3 d5 19. Be2 {0-1 (46) Rustemov,A (2532)-Bischoff,K (2561) Germany 2010}) 13... Rac8 14. Nxc6 Nxc6 15. Be3 Rfd8 16. Qd2 Na5 17. Rad1 Nc4 18. Qc1 Qb5 19. Bf1 {[%emt 0:04:52] aiming for b3.} Qxb2 20. Qxb2 Nxb2 21. Bxa6 Nxd1 22. Rxd1 Rxc3 23. Bd3 (23. Rd2 $11) 23... Rdc8 (23... d5 $1 $17 {[%cal Rd5e4] Threatens to win with ...dxe4.} 24. e5 Rdc8) 24. Nd4 $11 Bxd4 25. Bxd4 Rc1 26. Rf1 Kf8 27. Bb2 {[%emt 0:05:17] This bishop pair is nice.} Rxf1+ 28. Kxf1 d5 29. exd5 exd5 30. Ke2 Re8+ 31. Kd2 {[%emt 0:00:34][%mdl 1024] White has compensation.} Kg8 (31... Ke7 $11 {keeps the balance.}) 32. Bb5 $16 {[%emt 0:08:23] White is more active. White now steadily converts the win.} Re6 33. Bc3 h6 34. Kd3 d4 (34... Re4 $16 35. Bc6 Kf8 36. Bxd5 Re8) 35. Kxd4 $18 Rd6+ 36. Ke5 Rd1 {[%emt 0:00:07] [#]} (36... Re6+ {keeps fighting.} 37. Kd5 Re3) 37. Kf6 $1 Rd6+ {[%emt 0:01:40] [#]} 38. Ke7 $1 Re6+ 39. Kd7 {[%emt 0:00:29] And now Be5 would win.} Re3 $2 (39... Re4 40. Be5 a6) 40. Be5 Kf8 41. a4 Re4 42. Kc7 a6 43. Bc6 Re2 44. Kxb6 Rxh2 45. Kxa6 {[%emt 0:03:20] Black must now prevent Kb6.} Rh3 46. a5 {[%emt 0:00:39] White wants to mate with Kb7.} Rxg3 47. Kb6 {[%emt 0:00:10] Intending Bb5 and mate.} Rb3+ 48. Bb5 {[%emt 0:00:20] White mates.} Ke7 49. a6 Ra3 50. a7 Rxa7 51. Kxa7 f6 52. Bc7 f5 53. Kb6 g5 54. Kc5 Kf6 55. Kd4 gxf4 56. Bxf4 h5 57. Bf1 Ke6 58. Bh3 Kf6 59. Kd5 {[%emt 0:00:04] Weighted Error Value: White=0.07 (flawless) /Black=0.34} 1-0

[Event "26th Hit Open-A 2022"]
[Site "Nova Gorica"]
[Date "2022.09.21"]
[Round "8.28"]
[White "Devnani Kush"]
[Black "Pirs, Matjaz"]
[Result "1-0"]
[ECO "E04"]
[WhiteElo "2095"]
[BlackElo "2203"]
[Annotator "TA"]
[PlyCount "99"]
[EventDate "2022.09.16"]
[EventType "swiss"]
[EventCountry "SLO"]
[SourceTitle "playchess.com"]
[Source "ChessBase"]
[SourceQuality "1"]
[TimeControl "5400+30"]

1. d4 Nf6 2. c4 e6 3. Nf3 d5 4. g3 dxc4 5. Bg2 c6 6. O-O b5 7. a4 {[%emt 0:00:04] E04: Open Catalan: 5 Nf3.} Bb7 8. b3 (8. Ne5 $5 Qc8 9. Bf4 $11) 8... cxb3 9. Nbd2 {[%emt 0:00:09] Black has an edge.} Be7 10. Nxb3 Nbd7 {[%emt 0:05:29] [#]} 11. Bd2 $146 ({Predecessor:} 11. Ne1 b4 12. a5 Ba6 13. Nd3 O-O 14. Qc2 Rc8 15. Rd1 Nd5 16. Bb2 Bxd3 17. Qxd3 {1-0 (76) Petrosyan,M (2613)-Mieles Palau,D (2382) Sitges 2019}) 11... b4 12. a5 Ba6 13. Re1 O-O 14. Qc2 Rc8 15. Qb2 (15. Nc5 $1 $15 Nxc5 16. dxc5) 15... Ne4 $17 16. Rad1 Nxd2 17. Nfxd2 Qc7 ({Better is} 17... c5 {And now ...c4 would win.} 18. dxc5 Nxc5) 18. Rc1 Bb5 19. Ne4 Rfd8 20. Red1 (20. e3 $15) 20... f5 ({Black should play} 20... Ba4 $17 {aiming for ...Bxb3.} 21. Ra1 Bxb3 22. Qxb3 Qb8) 21. Ned2 (21. Nec5 $14) 21... Bf6 22. Qa2 Re8 (22... c5 $15 23. Nxc5 Nxc5 24. Rxc5 Qd7 25. Rxc8 Rxc8) 23. e4 Kh8 24. Nc4 fxe4 25. Bxe4 Bxc4 $2 (25... e5 $15 26. dxe5 Bxe5) 26. Rxc4 $16 Qd6 27. Qc2 g6 28. Bxc6 ({But not} 28. Rxc6 $6 Rxc6 29. Qxc6 Qxc6 30. Bxc6 Rd8 $14) 28... Red8 {[%emt 0:00:57][%cal Od7e5] [#] White must now prevent ...Ne5!} 29. Bf3 Rxc4 30. Qxc4 Nf8 31. Nc5 Rb8 (31... Rc8 $16 {was called for.}) 32. Kg2 (32. Na6 $18 {is more deadly.}) 32... Kg7 $2 (32... Qc7 $16) 33. Nb3 (33. Ne4 $18 Qe7 34. Nxf6 Kxf6 35. d5) 33... Rd8 34. h4 h5 (34... Rb8 $16 {might work better.} 35. Nc5 Qc7) 35. Nc5 $18 Rb8 (35... Qb8 {was worth a try.} 36. Na6 (36. Nxe6+ Nxe6 37. Qxe6 Qd6 $14) 36... Rc8) 36. a6 $2 (36. Ne4 $18 {has better winning chances.} Qe7 37. Nxf6 Kxf6 38. d5) 36... Rb6 37. Bb7 {[%emt 0:00:39] White is much more active.} Qc7 38. Rd3 Qd8 39. Nb3 Nd7 40. Nc5 $2 ({White should try} 40. Bf3 $16) 40... Qe7 $2 (40... Nf8 $1 $11 {and Black is okay.}) 41. Na4 Rd6 42. Qxb4 Nb6 (42... Kh7 $142 43. Nc3 Rb6 44. Qxe7+ Bxe7) 43. Nc3 {[%emt 0:02:30] [#] Threatens to win with Nb5.} Qd8 (43... Nd5 $142 44. Nxd5 exd5) 44. Nb5 {[%emt 0:00:52][%csl LRa7,LRd6] White is clearly winning.} Rd7 45. Nxa7 Nd5 46. Qe1 {[%emt 0:01:13] Nc6 is the strong threat.} Qb6 (46... Rxb7 $142 47. axb7 Qb6) 47. Nc8 Qb5 48. Qxe6 Nc7 49. Nd6 Qa4 50. Ne8+ {[%emt 0:00:13] Quite a comeback for White.  Weighted Error Value: White=0.37/Black=0.50} 1-0

[Event "26th Hit Open-A 2022"]
[Site "Nova Gorica"]
[Date "2022.09.21"]
[Round "8.29"]
[White "Kepplinger, Lukas"]
[Black "Schloffer, Jasmin-Denise"]
[Result "1/2-1/2"]
[ECO "A45"]
[WhiteElo "1994"]
[BlackElo "2127"]
[Annotator "TA"]
[PlyCount "119"]
[EventDate "2022.09.16"]
[EventType "swiss"]
[EventCountry "SLO"]
[SourceTitle "playchess.com"]
[Source "ChessBase"]
[SourceQuality "1"]
[TimeControl "5400+30"]

1. d4 Nf6 2. Bg5 Ne4 3. h4 c5 4. Nc3 Qa5 5. Nf3 {[%emt 0:22:24][%cal Bg1f3,Bf3d4,Bd4b3][%mdl 32] [#]} d5 $146 (5... Nxc3 $15 6. bxc3 cxd4 7. Qxd4 Nc6) ({Predecessor:} 5... Nc6 6. d5 Nxc3 7. bxc3 Ne5 8. Bd2 Nc4 9. e4 Nxd2 10. Qxd2 d6 11. Be2 g6 {½-½ (23) Vogel,T-Schulze,S (2165) Germany 1996}) 6. Bd2 $11 {[%emt 0:01:52] A45: Trompowsky Attack.} Nxd2 7. Qxd2 {[%emt 0:00:23] next e4 is good for White.} cxd4 8. Nxd4 {[%emt 0:01:54] And now e4 would win.} a6 (8... e6 $1 $11 {keeps the balance.}) 9. Nb3 $16 Qd8 10. Qxd5 e6 11. Qxd8+ Kxd8 12. O-O-O+ Kc7 13. g3 Bd7 14. Bg2 Bc6 15. Bxc6 {[%emt 0:01:32] White has more active pieces.} (15. Be4 {feels hotter.} Be7 16. Rd3 h6 17. Rhd1) 15... Nxc6 16. e3 Be7 17. Ne4 b6 18. Rd2 h6 19. Rhd1 Rad8 20. Rxd8 Rxd8 21. Rxd8 Bxd8 {[%emt 0:00:06][%mdl 4096] Endgame KBN-KNN} 22. Nd4 Ne5 23. Kd2 Be7 24. a3 f5 25. Nc3 ({Of course not} 25. Nxe6+ Kd7 26. N4c5+ bxc5 27. Nxg7 Nc4+ 28. Ke2 Nd6 $15) 25... Nc4+ 26. Kc1 Kd7 27. Nf3 Bf6 28. Nd1 g6 29. Nd2 Nd6 30. b3 e5 31. Nb2 e4 32. c4 Nf7 33. Nd1 (33. Na4 $14) 33... Ne5 $11 34. Kc2 Ng4 35. Nb1 g5 36. hxg5 hxg5 37. Nbc3 Kd6 38. Nd5 Bd8 39. b4 (39. Nb4 $5 ) 39... b5 40. Kb3 Ne5 41. cxb5 Kxd5 42. bxa6 {[%emt 0:00:08] [#] Hoping for a7.} Bb6 (42... Kc6 $1 $11) 43. a4 $16 {[%emt 0:00:18][%cal Ba3a4,Ba4a5][%mdl 1056] aiming for a5. White has strong compensation.} Kc6 44. a5 Bd8 (44... Ba7 $16) 45. Ka4 Kc7 {[%emt 0:01:53] [#]} 46. b5 $1 {[%emt 0:00:46][%cal Bb4b5,Bb5b6][%mdl 32] Nc3 is the strong threat.} Nc4 (46... Nd7 $142 47. Nc3 Kb8) 47. Kb4 $18 Nd6 48. Kc5 Be7 49. b6+ Kb8 50. Kc6 Nc8 51. Kd7 {[%emt 0:00:52] White threatens a7+ and mate.} Bb4 52. a7+ Nxa7 53. bxa7+ Kxa7 {[%emt 0:00:03] KB-KN} 54. Ke6 f4 55. exf4 gxf4 56. g4 $2 (56. gxf4 $18 Kb8 57. Kd7) 56... Bc5 {[%emt 0:00:48] The position is equal.} 57. Ke5 e3 58. fxe3 ({Don't go for} 58. Kxf4 $2 e2 59. Nc3 e1=Q $19) 58... fxe3 {[%emt 0:00:37] ( -> ...e2)} 59. Nxe3 Bxe3 60. Kf5 {[%emt 0:00:07] Weighted Error Value: White=0.26 (precise) /Black=0.28 (precise)} 1/2-1/2

[Event "26th Hit Open-A 2022"]
[Site "Nova Gorica"]
[Date "2022.09.21"]
[Round "8.31"]
[White "Acimovic, Sergej"]
[Black "Novak, Rok"]
[Result "1-0"]
[ECO "D36"]
[WhiteElo "2114"]
[BlackElo "1763"]
[Annotator "TA"]
[PlyCount "91"]
[EventDate "2022.09.16"]
[EventType "swiss"]
[EventCountry "SLO"]
[SourceTitle "playchess.com"]
[Source "ChessBase"]
[SourceQuality "1"]
[TimeControl "5400+30"]

1. d4 d5 2. c4 e6 3. Nc3 Nf6 4. cxd5 exd5 5. Bg5 c6 6. Qc2 h6 7. Bh4 Be7 8. e3 O-O 9. Bd3 Re8 10. Nge2 Nbd7 11. O-O a5 {[%emt 0:01:24] D36: Queen's Gambit Declined: Exchange Variation: Main line (5 Bg5 c6 6 Qc2).} 12. Rae1 b5 13. f3 Nb6 {[%emt 0:06:02] The position is equal.} 14. Bf2 {[%emt 0:03:41] [#]} Bf8 $146 ({Predecessor:} 14... Bd7 15. Ng3 Rc8 16. e4 dxe4 17. fxe4 b4 18. e5 Ng4 19. Nce4 Be6 20. h3 Nxf2 21. Qxf2 {1-0 (28) Ramos Rodriguez,P (2101)-Almeida,M (2014) ICCF email 2019}) 15. Kh1 Bd7 16. Ng3 (16. e4 $5 ) 16... b4 17. Nd1 (17. Nce2 $5 ) 17... c5 18. dxc5 Rc8 19. e4 dxe4 20. Ba6 (20. Nxe4 $11 Nxe4 21. fxe4 (21. Bxe4 Bxc5 22. Bh7+ Kh8 $11)) 20... Rc7 (20... exf3 $17 21. Bxc8 fxg2+ 22. Kxg2 Qxc8 23. Rxe8 Bxe8) 21. Nxe4 $11 Nxe4 22. fxe4 Na4 ({Better is} 22... Qg5 $11) 23. Qb3 $2 (23. Bc4 $16 {is forced if you want to stay better.}) 23... Qa8 $2 (23... Nxc5 $17 24. Bxc5 Be6) 24. Bc4 ({White has to play} 24. Bg3 $18 Ra7 25. Bc4 (25. Qxf7+ Kh8 $16)) 24... Rxe4 (24... Bc6 $1 $14) 25. Bxf7+ Kh8 {[%emt 0:00:15] [#]} 26. Rxe4 $1 ({Reject} 26. Bd5 $6 Rxe1 27. Bxe1 (27. Bxa8 $2 {loses.} Rxf1+ 28. Bg1 Bxc5 $19) (27. Rxe1 Bc6 $11) 27... Qe8 $14) 26... Qxe4 {[%emt 0:01:29] [#]} 27. Bd5 Qe8 (27... Qe2 $16 28. Bc4 Qe4) 28. Re1 $2 (28. Bd4 $18 {Qe3 is the strong threat.} Rxc5 29. Qf3 (29. Bxc5 Bxc5 30. Qg3 Nb6 $18)) 28... Qg6 $1 $14 29. Qf3 (29. Be4 $5 Qf6 30. Bb1 Nxc5 31. Qc2 $14) 29... Qf6 30. Qxf6 (30. Qg3 {keeps more tension.} Qd8 31. Qg6 Qf6 32. Qxf6 gxf6 33. Bd4) 30... gxf6 31. Bd4 $36 {[%emt 0:00:06][%mdl 2048] White fights for an advantage.} Kg7 32. Re3 Bxc5 $2 (32... Kh7 $11) 33. Rg3+ $18 Kf8 34. Bxf6 Ke8 35. Rg8+ Bf8 36. Bg7 Rc1 37. Rxf8+ Ke7 38. Rf1 Kd6 39. Bb3 Nc5 40. Bf8+ Ke5 41. Bxc5 Rxc5 42. Nf2 {[%emt 0:00:58] And now Nd3+ would win.} Bb5 {[%emt 0:00:45] Against Nd3+} 43. Re1+ Kf5 44. h4 a4 45. Be6+ Kf4 46. Kh2 {[%emt 0:00:43] Weighted Error Value: White=0.49/Black=0.75} 1-0

[Event "26th Hit Open-A 2022"]
[Site "Nova Gorica"]
[Date "2022.09.21"]
[Round "8.32"]
[White "Ivsek, Cveto"]
[Black "Krivenko, Dion"]
[Result "0-1"]
[ECO "A48"]
[WhiteElo "1763"]
[BlackElo "2113"]
[Annotator "TA"]
[PlyCount "92"]
[EventDate "2022.09.16"]
[EventType "swiss"]
[EventCountry "SLO"]
[SourceTitle "playchess.com"]
[Source "ChessBase"]
[SourceQuality "1"]
[TimeControl "5400+30"]

1. d4 Nf6 2. Bf4 g6 3. e3 Bg7 4. Nf3 O-O 5. h3 d6 6. Nc3 {[%emt 0:02:56] A48: 1 d4 Nf6 2 Nf3 g6: Torre, London and Colle Systems.} Nbd7 {[%emt 0:02:48] [#]} 7. e4 $146 ({Predecessor:} 7. Bd3 Re8 8. Qd2 c5 9. d5 Nb6 10. e4 Nfd7 11. O-O-O Qc7 12. g4 e5 13. dxe6 fxe6 {0-1 (52) Kulgemeyer,J (797)-Schwedhelm,D (1154) Willingen 2022}) 7... c5 {[%emt 0:10:05] Strongly threatening ...cxd4.} 8. d5 {[%emt 0:04:19] [#] Black is slightly better.} a6 ({Black should try} 8... b5 $1 $17 {[%cal Rb5b4] ...b4 is the strong threat.} 9. Qe2 (9. Bxb5 Nxe4 10. Nxe4 Qa5+ 11. Nc3 Bxc3+ 12. bxc3 Qxb5 $17) 9... b4) 9. a4 $1 $11 Qa5 {[%emt 0:00:14] aiming for ...Nxe4.} 10. Bd2 Qc7 (10... Qb4 $5 ) 11. Rb1 (11. Bc4 $14) 11... Re8 (11... e6 $5 ) 12. Be2 e6 13. O-O exd5 14. exd5 Ne4 15. Nxe4 Rxe4 16. c4 Re8 17. Bd3 Ne5 18. Nxe5 Bxe5 19. Qc2 Bd7 20. b3 Rab8 21. Rfe1 Qd8 22. Bc3 Qg5 23. Bxe5 Rxe5 24. Rxe5 Qxe5 25. Qb2 Qg5 26. Qc1 Qxc1+ 27. Rxc1 {[%emt 0:00:09][%mdl 4096] Endgame KRB-KRB} Kg7 28. Re1 Kf6 29. f3 b5 30. cxb5 (30. axb5 $1 $11 axb5 31. Ra1) 30... axb5 $17 31. a5 {[%emt 0:00:19] This costs White the game.} (31. axb5 $17 Bxb5 32. Bc4) 31... Ra8 $19 32. Ra1 Ke5 33. g4 Kd4 34. Bc2 Kc3 35. Ra2 Ra6 ({Inferior is} 35... c4 36. bxc4 bxc4 37. Kf2 $17) 36. Kf2 Kb4 37. Ke3 $2 {[%emt 0:00:09] [#]} (37. Bd1 Rxa5 38. Re2) 37... Rxa5 38. Rxa5 Kxa5 {[%emt 0:00:01] KB-KB} 39. f4 Kb4 40. Kd2 f5 41. g5 Be8 42. h4 Bf7 43. h5 Bxd5 44. h6 Bxb3 {[%emt 0:00:53] Black mates.} 45. Bxf5 gxf5 46. g6 Bg8 {[%emt 0:00:05] Weighted Error Value: White=0.71/Black=0.22 (precise)} 0-1